 Dungeon Crawl Stone Soup version 0.17.1-3-g152610e (webtiles) character file.

63 Gargoyl the Skirmisher (level 3, 0/30 HPs)
             Began as a Demonspawn Abyssal Knight on Mar 22, 2016.
             Was a Follower of Lugonu.
             Slain by a gnoll
             ... wielding a +0 halberd
              (10 damage)
             ... on level 2 of the Dungeon.
             The game lasted 00:01:32 (914 turns).

Gargoyl the Skirmisher (Demonspawn Abyssal Knight)   Turns: 914, Time: 00:01:32

Health: 0/30       AC: 11    Str: 13    XL:     3   Next: 87%
Magic:  5/5        EV:  0    Int: 13    God:    Lugonu [*.....]
Gold:   14         SH:  6    Dex: 12    Spells: 0 memorised, 2 levels left

rFire  . . .     SeeInvis .     a - +1 hand axe
rCold  . . .     Clarity  .     f - +0 plate armour
rNeg   . . .     SustAt   .     j - +0 shield
rPois  .         Gourm    .     (no helmet)
rElec  .         Spirit   .     (no cloak)
rCorr  .         Warding  .     (no gloves)
rMut   .         Stasis   .     (no boots)
MR     .....                    (no amulet)
Stlth  ..........               (no ring)
                                (no ring)

@: not resistant to hostile enchantments, extremely unstealthy
A: demonic guardian 1, spiny 1
a: Depart the Abyss, Renounce Religion


You were on level 2 of the Dungeon.
You worshipped Lugonu.
Lugonu was aware of your devotion.
You were not hungry.

You visited 1 branch of the dungeon, and saw 2 of its levels.
You visited the Abyss 1 time.

You collected 14 gold pieces.

Inventory:

Hand Weapons
 a - a +1 hand axe (weapon)
Armour
 f - a +0 plate armour (worn)
 j - a +0 shield (worn)
Scrolls
 e - 4 scrolls of immolation {unknown}
 h - a scroll of noise {unknown}
 m - a scroll of fog {unknown}
Potions
 b - a potion of invisibility {unknown}
 d - 2 potions of agility {unknown}
 g - a potion of curing {unknown}
 i - a potion of flight {unknown}
 k - a potion of might {unknown}
 l - a potion of resistance {unknown}
Comestibles
 c - a bread ration


   Skills:
 + Level 3.7 Fighting
 + Level 2.1 Axes
 * Level 2.4 Armour
 + Level 1.0 Dodging
 + Level 0.1 Shields
 + Level 3.2 Invocations


You had 2 spell levels left.
You didn't know any spells.

Dungeon Overview and Level Annotations

Branches:
Dungeon (2/15)

Altars:


Innate Abilities, Weirdness & Mutations

A weak demonic guardian rushes to your aid.
You are partially covered in sharp spines.


Message History

The gnoll dies!
Lugonu accepts your kill. The gnoll is struck by your spines.
You kill the gnoll!
Lugonu accepts your kill. The gnoll is struck by your spines.
The gnoll hits you but does no damage.
Things that are here:
a flail; a gnoll corpse You closely miss the gnoll.
The gnoll is lightly wounded.
Your ufetubus completely misses the gnoll.
Your ufetubus hits the gnoll.
Your ufetubus hits the gnoll but does no damage.
Your ufetubus barely misses the gnoll.
The gnoll hits you with a halberd.
Unknown command.
Your shield and plate armour prevent you from hitting the gnoll.
The gnoll is moderately wounded.
Your ufetubus disappears in a puff of smoke!
The gnoll hits you with a halberd!
You die...

#.#.###.........
#.#.# #<########
#.#####.#.# #.#
<.........# #.#
######.#####.##
#.........
##........
####.......#
#.g@)).....#
#......!...#
#....#######
#....# #....#
#....# #....#
######


You could see a gnoll.

Vanquished Creatures
  2 gnolls
  A worm (D:1)
  A bat (D:1)
  2 giant cockroaches (D:1)
  A goblin (D:1)
  8 hobgoblins
  A giant newt (D:1)
  2 kobolds (D:1)
  2 rats (D:1)
20 creatures vanquished.

Vanquished Creatures (collateral kills)
  2 gnolls (D:2)
2 creatures vanquished.

Vanquished Creatures (others)
  5 toadstools (D:1)
5 creatures vanquished.

Grand Total: 27 creatures vanquished

Notes
Turn   | Place    | Note
--------------------------------------------------------------
     0 | Abyss:1  | Gargoyl the Demonspawn Abyssal Knight began the quest for the Orb.
     0 | Abyss:1  | Reached XP level 1. HP: 18/18 MP: 2/2
    29 | Abyss:1  | Found a corrupted altar of Lugonu.
    34 | Abyss:1  | Noticed a large abomination
    34 | Abyss:1  | Noticed a small abomination
    35 | Abyss:1  | Noticed a basilisk
    37 | Abyss:1  | Noticed a tentacled starspawn
    37 | D:1      | Escaped the Abyss
   243 | D:1      | Reached * piety under Lugonu
   261 | D:1      | Gained mutation: You are partially covered in sharp spines. [demonic ancestry]
   261 | D:1      | Reached XP level 2. HP: 10/24 MP: 3/3
   443 | D:1      | Reached skill level 1 in Dodging
   746 | D:1      | Gained mutation: A weak demonic guardian rushes to your aid. [demonic ancestry]
   746 | D:1      | Reached XP level 3. HP: 25/29 MP: 5/5
   914 | D:2      | Slain by a gnoll

Action                   || total
-------------------------++-------
Melee: Hand axe          ||    60
Invok: Depart the Abyss  ||     1
